 Dungeon Crawl Stone Soup version 0.31.0-11-ge490571c62 (webtiles) character file.

Game seed: 18445790793885610409

8294 MollyMolluskus the Grappler (level 11, -1/117 HPs)
             Began as an Octopode Fighter on Feb 1, 2024.
             Was a Believer of Wu Jian.
             Slain by a yak (2 damage)
             ... on level 9 of the Dungeon.
             The game lasted 00:38:38 (7285 turns).

MollyMolluskus the Grappler (Octopode Fighter)      Turns: 7285, Time: 00:38:38

Health: -1/117     AC: 29    Str: 20    XL:     11   Next: 28%
Magic:  11/11      EV:  2    Int: 11    God:    Wu Jian [**....]
Gold:   499        SH:  7    Dex: 11    Spells: 10/10 levels left

rFire   . .          .
                       - Unarmed
rCold   . . .        a - +3 buckler
rNeg    . . .        (helmet currently unavailable)
rPois   +            l - amulet of regeneration
rElec   .            v - +4 ring of protection
rCorr   .            s - ring of see invisible
SInv    +            (no ring)
Will    .....        (no ring)
Stlth   ++           (no ring)
HPRegen 1.19/turn    (no ring)
MPRegen 0.12/turn    (no ring)
                     (no ring)

%: no passive effects
@: tree-form, on berserk cooldown, slowed, very slow
A: stationary, stasis, torment immunity, boosted hp, almost no armour,
(amphibious), 8 rings, (camouflage 1), (gelatinous body 1), (nimble swimmer 1),
(tentacles)
a: Renounce Religion, Wall Jump


You were on level 9 of the Dungeon.
You worshipped Wu Jian.
Wu Jian was pleased with you.
You were a tree.
You visited 2 branches of the dungeon, and saw 10 of its levels.
You also visited: Bailey.

You collected 499 gold pieces.

Inventory:

Hand Weapons
 j - a +1 dagger of venom
Missiles
 e - 2 javelins (quivered)
 g - 32 poisoned darts
 t - 5 curare-tipped darts
 u - 9 boomerangs
Armour
 a - a +3 buckler (worn)
Jewellery
 l - an amulet of regeneration (around neck)
 s - a ring of see invisible (right branch)
 v - a +4 ring of protection (left branch)
Talismans
 c - a serpent talisman
Wands
 b - a wand of polymorph (10)
Scrolls
 f - 7 scrolls of teleportation
 h - 2 scrolls of fog
 p - a scroll of silence
Potions
 d - 2 potions of attraction
 i - a potion of mutation
 k - a potion of enlightenment
 m - a potion of haste
 n - 3 potions of cancellation
 x - a potion of might


   Skills:
 + Level 8.8 Fighting
 - Level 8.0 Dodging
 - Level 4.0 Stealth
 - Level 4.0 Shields
 * Level 11.6 Unarmed Combat
 + Level 4.7 Shapeshifting


You had 10 spell levels left.
You didn't know any spells.
Your spell library contained the following spells:

 Spells                   Type           Power      Damage    Failure   Level
 Apportation              Tloc           0%         N/A       41%         1
 Necrotise                Necr           0%         1d4       41%         1
 Sting                    Conj/Alch      0%         1d3       41%         1
 Summon Small Mammal      Summ           0%         N/A       41%         1
 Frozen Ramparts          Ice            0%         1d1       78%         3
 Tukima's Dance           Hex            0%         N/A       78%         3
 Anguish                  Hex/Necr       0%         N/A       99%         4
 Brom's Barrelling Bould  Conj/Erth      0%         2d3       99%         4
 Cause Fear               Hex            0%         N/A       99%         4
 Dimensional Bullseye     Hex/Tloc       0%         N/A       99%         4
 Iskenderun's Mystic Bla  Conj/Tloc      0%         2d3       99%         4
 Leda's Liquefaction      Alch/Erth      0%         N/A       99%         4
 Petrify                  Alch/Erth      0%         N/A       99%         4
 Fireball                 Conj/Fire      0%         3d3       100%        5
 Iskenderun's Battlesphe  Conj           0%         2d6       100%        5
 Metabolic Englaciation   Hex/Ice        0%         N/A       100%        5
 Conjure Ball Lightning   Conj/Air       0%         3x3d6     100%        6
 Enfeeble                 Hex            0%         N/A       100%        7
 Orb of Destruction       Conj           0%         9d5       100%        7


Dungeon Overview and Level Annotations

Branches:
Dungeon (9/15)             Temple (1/1) D:7          Bailey (visited)
   Lair: D:8-11         Orc: D:9-12

Altars:
Ashenzari
Cheibriados
Dithmenos
Elyvilon
Gozag
Hepliaklqana
Kikubaaqudgha
Makhleb
Nemelex Xobeh
Okawaru
Qazlal
Ru
Sif Muna
Trog
Uskayaw
Vehumet
Wu Jian
Xom
Yredelemnul
Zin
The Shining One

Shops:
D:3 :


Innate Abilities, Weirdness & Mutations

You are a tree.
Your roots penetrate the ground, keeping you stationary.
You cannot be teleported.
You are immune to unholy pain and torment.
Your maximum health is greatly increased.
You cannot wear most types of armour.
((You are amphibious.))
You can wear up to eight rings at the same time.
((Your skin changes colour to match your surroundings (Stealth+).))
((Your rubbery body absorbs attacks. (AC +1, EV +1)))
((You are camouflaged when in or above water. (Stealth+)))
((You have tentacles for arms and can constrict up to eight enemies at once.))


Message History

The troll claws you but does no damage. The yak gores you.
* * * LOW HITPOINT WARNING * * *
You block the yak's attack.
The yak is engulfed in poison gas.
The yak looks as sick as possible!
The yak gores you but does no damage.
You barely miss the troll. You punch the troll.
The troll is heavily wounded.
The yak gores you.
* * * LOW HITPOINT WARNING * * *
The yak gores you.
* * * LOW HITPOINT WARNING * * *
The yak gores you but does no damage. The troll bites you but does no damage.
The troll barely misses you. You block the troll's attack.
The yak gores you but does no damage. You block the yak's attack.
The yak is engulfed in poison gas.
The yak looks as sick as possible!
The yak gores you but does no damage.
You closely miss the troll.
The troll is heavily wounded.
The yak gores you but does no damage. x2; You block the yak's attack.
The troll bites you but does no damage.
The troll claws you but does no damage. x2
You block the yak's attack.
The yak gores you but does no damage. x2
You smack the troll!
The troll is almost dead.
You kill the troll!
The Council accepts your kill.
The troll leather armour is intact enough to wear.
You block the yak's attack.
The yak gores you but does no damage. x3
You block the yak's attack. The yak completely misses you.
The killer bee stings you but does no damage.
The yak gores you but does no damage. x5
You barely miss the killer bee.
The killer bee is severely wounded.
You block the killer bee's attack.
The killer bee stings you but does no damage.
The yak gores you.
* * * LOW HITPOINT WARNING * * *
You block the killer bee's attack. The yak gores you but does no damage.
The yak gores you.
* * * LOW HITPOINT WARNING * * *
The yak gores you.
You die...

. ..###...###...†.....## .
. .#......##...#.###..## .
#..#..○...○##○°##..##...##
.
...#.).°....#..##........#
.
#.....○...°°○...#.#......#
.
.....○....○.)○○°#.##....##
.
.......○...†)○○....#....#
#...°○..YYY°...○......###
....°○○[Y♣○..°#...##..#
..##....YYy.○.#.#######
#..○.○)).○...##
.○°....○°....##
..○.##○°○......°.#
#.....○○○..○..#○.#
#...○.°....°○.##..
..###....○....##. .
#........##


You could see 6 yaks and a killer bee.

Vanquished Creatures
  Erica (D:8)
  A two-headed ogre (D:9)
  A gargoyle (Bailey)
  Maggie (D:6)
  Jeremiah (D:8)
  A troll (D:9)
  A hornet (D:9)
  The ghost of tdog the Covert, an amateur SpBr (D:4)
  3 wyverns
  3 yaks (D:9)
  A vampire (Bailey)
  Grum (D:7)
  A steam dragon (D:9)
  Edmund (D:6)
  Menkaure (D:6)
  A water moccasin (D:7)
  2 orc warriors (D:9)
  2 sky beasts (D:6)
  An ogre (D:5)
  A black bear (D:4)
  2 centaurs
  4 wolves
  A phantom (D:5)
  3 kobold brigands
  4 bullfrogs
  A scorpion (D:5)
  4 wights (D:7)
  6 vampire bats (Bailey)
  9 howler monkeys
  6 wolf zombies (Bailey)
  7 hounds
  A jelly (D:5)
  7 orc priests
  A gnoll bouda (D:5)
  4 iguanas
  23 orc wizards
  5 gnolls (D:5)
  9 adders
  A shadow imp (D:7)
  2 white imps
  A dart slug (D:4)
  28 orcs
  8 endoplasms
  A giant cockroach (D:3)
  8 hobgoblins
  4 jackals (D:2)
  20 kobolds
  7 quokkas
  3 ball pythons
  7 bats
  3 frilled lizards
  5 goblins
  21 orc zombies (Bailey)
  9 rats
  A butterfly (D:7)
252 creatures vanquished.

Notes
Turn   | Place    | Note
-------+----------+-------------------------------------------
     0 | D:1      | MollyMolluskus the Octopode Fighter began the quest for the
                  | Orb.
     0 | D:1      | Reached XP level 1. HP: 16/16 MP: 1/1
   142 | D:1      | Reached XP level 2. HP: 19/21 MP: 2/2
   195 | D:1      | Reached skill level 1 in Stealth
   498 | D:1      | Reached XP level 3. HP: 17/26 MP: 3/3
   953 | D:2      | Found an ancient bone altar of Kikubaaqudgha.
  1306 | D:3      | Reached skill level 3 in Unarmed Combat
  1306 | D:3      | Reached XP level 4. HP: 26/31 MP: 4/4
  1348 | D:3      | Found a sacrificial altar of Ru.
  1349 | D:3      | Found a burning altar of Makhleb.
  1349 | D:3      | Found a hazy altar of Hepliaklqana.
  1349 | D:3      | Found a shimmering blue altar of Sif Muna.
  1351 | D:3      | Found an ancient bone altar of Kikubaaqudgha.
  1354 | D:3      | Found a glowing golden altar of the Shining One.
  1513 | D:3      | Reached XP level 5. HP: 28/36 MP: 5/5
  1589 | D:3      | Found Guorier's Book Boutique.
  1676 | D:3      | Found a faded altar of an unknown god.
  2108 | D:3      | Noticed a +0 dagger
  2108 | D:3      | Noticed a +0 dagger
  2112 | D:3      | Found a hide-covered altar of Uskayaw.
  2304 | D:4      | Noticed tdog's ghost (amateur SpBr)
  2311 | D:4      | Found a transporter.
  2329 | D:4      | Reached XP level 6. HP: 29/43 MP: 6/6
  2387 | D:4      | Found a transporter.
  2400 | D:4      | Noticed a black bear
  2406 | D:4      | Killed a black bear
  2407 | D:4      | Reached skill level 4 in Unarmed Combat
  3047 | D:4      | Killed tdog's ghost
  3048 | D:4      | Reached XP level 7. HP: 34/49 MP: 7/7
  3097 | D:5      | Entered Level 5 of the Dungeon
  3104 | D:5      | Reached skill level 5 in Unarmed Combat
  3280 | D:5      | Reached skill level 5 in Fighting
  3280 | D:5      | Reached XP level 8. HP: 44/55 MP: 8/8
  3428 | D:5      | Reached skill level 5 in Dodging
  3428 | D:5      | Reached skill level 6 in Unarmed Combat
  3451 | D:5      | Identified the +2 orcbow of the Lamprey {flame, rN+ Str-2
                  | Dex+6}
  3453 | D:5      | Found an iron altar of Okawaru.
  4014 | D:6      | Reached skill level 7 in Unarmed Combat
  4190 | D:6      | Noticed Maggie
  4203 | D:6      | Killed Maggie
  4204 | D:6      | Reached XP level 9. HP: 33/62 MP: 9/9
  4236 | D:6      | Noticed Menkaure
  4251 | D:6      | Killed Menkaure
  4252 | D:6      | Reached skill level 8 in Unarmed Combat
  4519 | D:6      | Noticed Edmund
  4531 | D:6      | Killed Edmund
  4798 | D:7      | Found a staircase to the Ecumenical Temple.
  4807 | Temple   | Entered the Ecumenical Temple
  4914 | D:7      | Reached skill level 9 in Unarmed Combat
  4919 | D:7      | Found an opulent altar of Gozag.
  4919 | D:7      | Found an ornate altar of the Wu Jian Council.
  4920 | D:7      | Found a sparkling altar of Nemelex Xobeh.
  4926 | D:7      | Became a worshipper of the Wu Jian Council
  4983 | D:7      | Found a flagged portal.
  4989 | Bailey   | Entered a bailey
  5023 | Bailey   | Reached skill level 1 in Shapeshifting
  5073 | Bailey   | Noticed a gargoyle
  5085 | Bailey   | Killed a gargoyle
  5086 | Bailey   | Reached XP level 10. HP: 71/71 MP: 10/10
  5174 | Bailey   | Reached * piety under Wu Jian
  5333 | Bailey   | Identified the +6 falchion of Instinct {venom, rCorr Dex+4}
  5971 | D:8      | Noticed Grum
  5971 | D:8      | Noticed Jeremiah
  5980 | D:7      | Killed Grum
  5983 | D:7      | Reached skill level 10 in Unarmed Combat
  6008 | D:8      | Killed Jeremiah
  6029 | D:8      | Reached ** piety under Wu Jian
  6136 | D:8      | Noticed Erica
  6145 | D:8      | Killed Erica
  7162 | D:9      | Reached skill level 11 in Unarmed Combat
  7207 | D:9      | Reached XP level 11. HP: 78/78 MP: 11/11
  7270 | D:9      | Noticed a two-headed ogre
  7279 | D:9      | Killed a two-headed ogre
  7280 | D:9      | HP: 3/117 [yak (10)]
  7285 | D:9      | HP: 2/117 [yak (4)]
  7285 | D:9      | Slain by a yak

Illustrated notes

Levels and vault maps discovered:
D:1:      nzn_arrival_water_spiral, layout_basic
D:2:      layout_rooms, basic_altar
D:3:      layout_basic, minitemple, dancing_weapons_uskayaw, serial_shops,
          nicolae_book_shop_shelving, basic_ecumenical_altar,
          nicolae_elevator_lobby_plus
D:4:      layout_basic, gammafunk_ghost_arena, minmay_bisected
D:5:      layout_cave_pools, lemuel_doored_altar, minmay_misc_feat_chi,
          minmay_puff
D:6:      nicolae_BIG_FREAKIN_CUBE, layout_loops_ring, uniq_maggie, uniq_edmund,
          uniq_menkaure
D:7:      layout_loops_cross, gammafunk_temple_overflow_claw,
          minmay_temple_entry_butterflies, enter_bailey_2, serial_park_tiny_2
D:8:      layout_layer_cave, st_stairs_3, minmay_misc_feat_four_crosses,
          uniq_grum, uniq_jeremiah, uniq_erica
D:9:      minmay_the_grid_square_5x5_3x3
          [minmay_the_grid_square_5x5_broken_cross,
          minmay_the_grid_square_5x5_z, minmay_the_grid_square_5x5_eight_small,
          minmay_the_grid_square_5x5_six_small,
          minmay_the_grid_square_5x5_megaprize_crossed,
          minmay_the_grid_square_5x5_doubleslash,
          minmay_the_grid_square_5x5_minimal, minmay_the_grid_square_5x5_corner,
          minmay_the_grid_square_5x5_meh], layout_cave_pools,
          dreamdust_deal_with_the_devil, minmay_fountain_box, the_hattery
Temple:   nicolae_temple_ecumenical_triangle

Skill      XL: |  1  2  3  4  5  6  7  8  9 10 |
---------------+-------------------------------+-----
Stealth        | 1 2 4 |  4.0
Unarmed Combat | 3 4 5 7 9 11 | 11.6
Fighting       | 4 5 6 7 8 |  8.8
Shields        | 4 |  4.0
Dodging        | 4 6 7 8 |  8.0
Shapeshifting  | 1 4 |  4.7

Action                     |  1- 3 |  4- 6 |  7- 9 | 10-12 || total
---------------------------+-------+-------+-------+-------++-------
  Melee: Unarmed           |    94 |   110 |   256 |   220 ||   680
         Constrict         |    25 |    23 |    52 |    44 ||   144
         Tentacles         |    19 |    22 |    55 |    46 ||   142
         Punch             |     2 |     6 |    13 |    12 ||    33
  Throw: Stone             |     9 |     5 |       |       ||    14
         Dart              |       |       |     8 |       ||     8
         Javelin           |       |       |       |     2 ||     2
Ability: Lunge             |       |       |     6 |    28 ||    34
         Whirlwind         |       |       |       |    41 ||    41
         Wall Jump         |       |       |       |     2 ||     2
    Use: Scroll            |    10 |     7 |     5 |     7 ||    29
         Potion            |       |     1 |     5 |    12 ||    18
   Stab: Sleeping          |     6 |     9 |    15 |    13 ||    43
 Armour: Skin              |    35 |    38 |   108 |   177 ||   358
  Dodge: Dodged            |    38 |    44 |   125 |    94 ||   301
  Block: Buckler           |    14 |    26 |    81 |    79 ||   200
